 Dungeon Sprint DCSS version 0.30.1-9-gdf580d7c3d (webtiles) character file.

Game seed: 655250996724522860

20396 Heoruswealwe the Phalangite (level 12, -13/130 HPs)
             Began as a Minotaur Fighter on Sept 25, 2023.
             Was an Initiate of Gozag.
             Mangled by a stone giant (27 damage)
             ... in the Dungeon (Sprint IX: "|||||||||||||||||||||||||||||").
             The game lasted 00:27:49 (2531 turns).

Heoruswealwe the Phalangite (Minotaur Fighter)      Turns: 2531, Time: 00:27:49

Health: -13/130    AC: 24    Str: 25    XL:     12   Next: 45%
Magic:  11/11      EV: 10    Int:  8    God:    Gozag
Gold:   955        SH:  0    Dex: 11    Spells: 11/11 levels left

rFire   + . .        b - +3 bardiche (flame)
rCold   . . .        (shield currently unavailable)
rNeg    . . .        c - +1 fire dragon scales
rPois   +            (helmet restricted)
rElec   .            h - +1 cloak
rCorr   +            f - +1 pair of gloves
SInv    .            e - +1 pair of boots
Will    .....        (no amulet) Stlth
                     k - +4 ring of slaying
HPRegen 0.41/turn    j - ring "Toreuz" {Ice rPois rCorr Int+3}
MPRegen 0.12/turn

%: no teleportation
@: afraid, gold aura
A: horns 2, retaliatory headbutt
a: Renounce Religion, Potion Petition, Call Merchant, Bribe Branch


You were in the Dungeon.
You worshipped Gozag.
Gozag was pleased with you.
You visited 1 branch You collected 6951 gold pieces.
You spent 2775 gold pieces at shops.
You paid 3221 gold pieces to Gozag.

Inventory:

Hand Weapons
 a - the +6 spear of Foolhardiness {venom, rCorr}
   (You bought it in a shop in the Dungeon)

   rCorr:     It protects you from acid and corrosion.
 b - a +3 bardiche of flaming (weapon)
 s - a +3 glaive
 y - a +4 glaive of flaming
 z - a +6 vampiric trident
Armour
 c - +1 fire dragon scales (worn)
 d - a +0 buckler
 e - a +1 pair of boots (worn)
 f - a +1 pair of gloves (worn)
 h - a +1 cloak (worn)
Jewellery
 j - the ring "Toreuz" (right hand) {Ice rPois rCorr Int+3}
   (You bought it in a shop in the Dungeon)

   [ring of ice]

   It enhances your ice magic.
   Int:       It affects your intelligence (+3).
   rF:        It makes you vulnerable to fire.
   rC:        It protects you from cold.
   rPois:     It protects you from poison.
   rCorr:     It protects you from acid and corrosion.
 k - a +4 ring of slaying (left hand)
 r - a ring of protection from cold
 v - a ring of protection from fire
Wands
 u - a wand of roots (10)
Scrolls
 o - 4 scrolls of identify
 p - 2 scrolls of enchant armour
 x - 5 scrolls of blinking
Potions
 g - 2 potions of haste
 i - a potion of berserk rage
 l - 2 potions of might
 m - a potion of mutation
 n - a potion of invisibility
Miscellaneous
 t - a lightning rod (4/4)
 w - a phantom mirror


   Skills:
 + Level 19.6 Fighting
 * Level 26.2 Polearms
 + Level 19.6 Armour
 - Level 3.6 Shields


You had 11 spell levels left.
You didn't know any spells.
Your spell library was empty.

Dungeon Overview and Level Annotations

Branches:
Dungeon (1/1)

Altars:
Cheibriados
Dithmenos
Elyvilon
Fedhas
Gozag
Hepliaklqana
Kikubaaqudgha
Makhleb
Nemelex Xobeh
Okawaru
Qazlal
Ru
Sif Muna
Trog
Uskayaw
Vehumet
Wu Jian
Xom
Yredelemnul
Zin
The Shining One
Jiyva
Lugonu

Shops:
D ?==:*(=*


Innate Abilities, Weirdness & Mutations

You have a pair of horns on your head.
You reflexively headbutt those who attack you in melee.


Message History

The boulder beetle is no longer distracted by gold.
The frost giant is distracted by your dazzling golden aura.
The boulder beetle is distracted by your dazzling golden aura.
A stone giant comes into view.
The stone giant shouts!
The frost giant shouts!
The frost giant is no longer distracted by gold.
The boulder beetle is no longer distracted by gold.
The boulder beetle leaps!
The frost giant casts a spell at you. The bolt of cold misses you.
A glowing orange brain comes into view.
The glowing orange brain turns its attention towards you.
Reach: b) +3 bardiche (flame)
Press: ? - help, Dir - move target, f - frost giant
Aim: a frost giant, wielding a +0 battleaxe of freezing (about 10% to evade your +3 bardiche of flaming)
You reach to attack!
You slice the frost giant!! You burn the frost giant!
The frost giant is moderately wounded.
The glowing orange brain pulsates.
The glowing orange brain radiates an aura of fear!
You are terrified of the glowing orange brain!
You carve the frost giant like a ham!!! You burn the frost giant!!
You headbutt the frost giant!
The frost giant is almost dead.
The frost giant hits you with a +0 battleaxe of freezing!!
The frost giant freezes you!
You slice the frost giant!! You burn the frost giant.
You kill the frost giant!
The glowing orange brain pulsates.
Something tries to feed on your intellect!
The stone giant throws a large rock.
The large rock hits you!!!
* * * LOW HITPOINT WARNING * * *
You feel better.
You slice the stone giant!! You burn the stone giant!
You headbutt the stone giant, but do no damage.
The stone giant is moderately wounded.
You hit the stone giant. You burn the stone giant.
The stone giant is heavily wounded.
The stone giant hits you!!
You die...
Your body crumbles into a pile of gold.

▓_▓.▓.▓.▓)▓.▓!▓,*,*,*,*,*,*,*,
▓_▓.▓.▓)▓)▓.▓.▓,*,*,*,*,*,*,*,
▓_▓.▓.▓.▓)▓.▓.▓,*+*,*,*,*,*,*+
▓_▓.▓.▓.▓)▓.▓!▓,*,*,*+*,*,*,*,
▓_▓.▓.▓.▓.▓.▓.▓,*,*,*,*,*,*,*,
▓_▓.▓.▓.▓[▓.▓.▓,*,*,*,*,*,*,*,
▓_▓.▓.▓.▓.▓.▓.▓,*,*,*,*,*,*,*,
▓_▓.▓.▓.▓)▓.▓.▓,*,*,*,*,*,*,*,
▓'▓.▓'▓.▓)▓.▓@▓,*,*,*,*,*,*,*,
▓!▓.▓.▓.▓[▓.▓C▓,*,*,*,*,*,*,*,
▓?▓.▓.▓.▓[▓.▓C▓,*~*,*,*,*,*,*,
▓)▓.▓.▓.▓?▓.▓.▓,*~*,*,*,*,*,*,
▓[▓.▓.▓.▓.▓.▓.▓,*+*,*,*,*,*,*,
▓.▓.▓.▓.▓∩▓.▓G▓,*,*,*,*,*,*,*,
▓[▓.▓.▓.▓.▓.▓B▓,*,*,*,*,*,*,*,
▓.▓.▓.▓.▓∩▓.▓.▓,*,*,*,*,*,*,*,
▓=▓.▓.▓.▓.▓.▓,*,*,*,*,*,*,*,*+


You could see a stone giant, a boulder beetle, an ettin and a glowing orange
brain (scary).

Vanquished Creatures
  A frost giant (D)
  A stone giant (D)
  Josephine (D)
  A hydra (D)
  A centaur warrior (D)
  A boulder beetle (D)
  6 orc high priests (D)
  6 orc knights (D)
  A wolf spider (D)
  2 orc sorcerers (D)
  2 manticores (D)
  A cyclops (D)
  7 cane toads (D)
  A kobold demonologist (D)
  A tengu conjurer (D)
  A meliai (D)
  A polar bear (D)
  3 trolls (D)
  3 blink frogs (D)
  A slime creature (D)
  2 yaks (D)
  5 wraiths (D)
  A warg (D)
  An acid dragon (D)
  3 hell hounds (D)
  3 water moccasins (D)
  11 orc warriors (D)
  5 wolves (D)
  A gnoll sergeant (D)
  A bullfrog (D)
  A killer bee (D)
  A howler monkey (D)
  A jelly (D)
  6 orc priests (D)
  A gnoll bouda (D)
  An orc wizard (D)
  An adder (D)
  9 orcs (D)
  2 bats (D)
  A giant cockroach (D)
  A jackal (D)
  A ball python (D)
101 creatures vanquished.

Notes
Turn   | Place    | Note
-------+----------+-------------------------------------------
     0 | D        | Heoruswealwe the Minotaur Fighter began the quest for the
                  | Orb.
     0 | D        | Reached XP level 1. HP: 19/19 MP: 0/0
     6 | D        | Reached skill level 3 in Polearms
    18 | D        | Noticed a jelly
    18 | D        | Noticed an orc priest
    18 | D        | Noticed a gnoll bouda
    23 | D        | Killed a jelly
    23 | D        | HP: 1/20 [orc priest/divine providence (9)]
    24 | D        | Reached skill level 5 in Fighting
    24 | D        | Reached skill level 5 in Polearms
    24 | D        | Reached skill level 5 in Armour
    24 | D        | Reached XP level 2. HP: 2/29 MP: 1/1
    24 | D        | Reached XP level 3. HP: 3/36 MP: 2/2
    32 | D        | Reached skill level 6 in Polearms
    37 | D        | Reached skill level 7 in Polearms
    37 | D        | Reached XP level 4. HP: 9/45 MP: 3/3
    43 | D        | Reached skill level 8 in Polearms
    49 | D        | Found a snail-covered altar of Cheibriados.
    49 | D        | Found a shadowy altar of Dithmenos.
    49 | D        | Found a white marble altar of Elyvilon.
    49 | D        | Found a blossoming altar of Fedhas.
    49 | D        | Found an opulent altar of Gozag.
    50 | D        | Found a hazy altar of Hepliaklqana.
    51 | D        | Found a viscous altar of Jiyva.
    52 | D        | Found an ancient bone altar of Kikubaaqudgha.
    53 | D        | Found a corrupted altar of Lugonu.
    54 | D        | Found a burning altar of Makhleb.
    55 | D        | Found a sparkling altar of Nemelex Xobeh.
    56 | D        | Found an iron altar of Okawaru.
    57 | D        | Became a worshipper of Gozag Ym Sagoz the Greedy
    58 | D        | Found a stormy altar of Qazlal.
    59 | D        | Found a sacrificial altar of Ru.
    60 | D        | Found a shimmering blue altar of Sif Muna.
    61 | D        | Found a bloodstained altar of Trog.
    62 | D        | Found a hide-covered altar of Uskayaw.
    63 | D        | Found a radiant altar of Vehumet.
    64 | D        | Found an ornate altar of the Wu Jian Council.
    65 | D        | Found a shimmering altar of Xom.
    66 | D        | Found a basalt altar of Yredelemnul.
    67 | D        | Found a glowing silver altar of Zin.
    68 | D        | Found a glowing golden altar of the Shining One.
   181 | D        | Noticed a troll
   181 | D        | Noticed an acid dragon
   181 | D        | Noticed an orc warrior
   181 | D        | Noticed a gnoll sergeant
   191 | D        | Reached skill level 9 in Polearms
   191 | D        | Reached XP level 5. HP: 27/52 MP: 4/4
   200 | D        | Killed a troll
   201 | D        | Reached skill level 12 in Polearms
   201 | D        | Reached XP level 6. HP: 47/63 MP: 5/5
   204 | D        | Killed an acid dragon
   213 | D        | Killed an orc warrior
   214 | D        | Reached skill level 10 in Fighting
   214 | D        | Reached skill level 13 in Polearms
   214 | D        | Reached skill level 10 in Armour
   214 | D        | Reached XP level 7. HP: 22/72 MP: 6/6
   382 | D        | Noticed a kobold demonologist
   382 | D        | Noticed a troll
   382 | D        | Noticed a manticore
   382 | D        | Noticed a troll
   382 | D        | Noticed a centaur warrior
   382 | D        | Noticed a tengu conjurer
   386 | D        | Killed a kobold demonologist
   387 | D        | Reached skill level 14 in Polearms
   394 | D        | Killed a troll
   395 | D        | Reached skill level 15 in Polearms
   395 | D        | Reached XP level 8. HP: 66/82 MP: 7/7
   399 | D        | Killed a manticore
   406 | D        | Killed a troll
   407 | D        | Reached skill level 16 in Polearms
   416 | D        | Killed a centaur warrior
   417 | D        | Reached skill level 17 in Polearms
   417 | D        | Reached XP level 9. HP: 23/93 MP: 8/8
   419 | D        | Killed a tengu conjurer
   723 | D        | Noticed a cane toad
   723 | D        | Noticed a polar bear
   725 | D        | Noticed a cane toad
   727 | D        | Reached skill level 18 in Polearms
   730 | D        | Noticed a cane toad
   734 | D        | Noticed a cane toad
   736 | D        | Killed a cane toad
   754 | D        | Killed a polar bear
   762 | D        | Killed a cane toad
   763 | D        | Reached skill level 19 in Polearms
   773 | D        | Killed a cane toad
   776 | D        | Killed a cane toad
   777 | D        | Reached XP level 10. HP: 40/104 MP: 9/9
   972 | D        | Noticed a cane toad
   972 | D        | Noticed a cane toad
   982 | D        | Killed a cane toad
   983 | D        | Reached skill level 20 in Polearms
   984 | D        | Noticed a cane toad
   988 | D        | Killed a cane toad
   989 | D        | Reached skill level 15 in Fighting
   989 | D        | Reached skill level 15 in Armour
  1016 | D        | Killed a cane toad
  1050 | D        | Reached skill level 21 in Polearms
  1197 | D        | Noticed Josephine
  1212 | D        | Killed Josephine
  1219 | D        | Reached XP level 11. HP: 67/114 MP: 10/10
  1226 | D        | Reached skill level 22 in Polearms
  1400 | D        | Noticed an orc knight
  1420 | D        | Killed an orc knight
  1642 | D        | Noticed an orc knight
  1642 | D        | Noticed an orc sorcerer
  1646 | D        | Killed an orc knight
  1648 | D        | Noticed an orc high priest
  1649 | D        | Noticed an orc sorcerer
  1654 | D        | Killed an orc sorcerer
  1657 | D        | Noticed an orc knight
  1663 | D        | Reached skill level 23 in Polearms
  1676 | D        | Killed an orc high priest
  1680 | D        | Killed an orc sorcerer
  1687 | D        | Killed an orc knight
  1846 | D        | Found Vycunt's Magic Scroll Emporium.
  1846 | D        | Noticed an orc high priest
  1846 | D        | Noticed an orc high priest
  1846 | D        | Noticed an orc knight
  1858 | D        | Killed an orc high priest
  1859 | D        | Noticed an orc high priest
  1861 | D        | Noticed a sixfirhy
  1863 | D        | Killed an orc high priest
  1864 | D        | Reached skill level 24 in Polearms
  1864 | D        | Found Adidwaaf's Jewellery Shoppe.
  1869 | D        | Killed an orc knight
  1872 | D        | Found Ycifoetz's Jewellery Emporium.
  1877 | D        | Noticed an orc high priest
  1878 | D        | Killed an orc high priest
  1879 | D        | Found Jealutic's Book Shoppe.
  1880 | D        | Noticed an orc knight
  1883 | D        | Noticed an orc knight
  1885 | D        | Noticed an orc high priest
  1887 | D        | Killed an orc high priest
  1892 | D        | Killed an orc knight
  1902 | D        | Killed an orc knight
  1903 | D        | Reached XP level 12. HP: 21/128 MP: 11/11
  1911 | D        | Killed an orc high priest
  1912 | D        | Reached skill level 25 in Polearms
  2023 | D        | Bought a scroll of magic mapping for 75 gold pieces
  2184 | D        | Bought a potion of degeneration for 16 gold pieces
  2184 | D        | Bought a scroll of identify for 32 gold pieces
  2184 | D        | Bought a lightning rod (4/4) for 480 gold pieces
  2208 | D        | Bought a glowing bardiche for 336 gold pieces
  2208 | D        | Bought a bloodstained spear for 224 gold pieces
  2208 | D        | Identified the +6 spear of Foolhardiness {venom, rCorr}
                  | (You bought it in a shop in the Dungeon)
  2249 | D        | Bought a scroll labelled KUIXTI HOULIG for 31 gold pieces
  2249 | D        | Bought a knobbly brass ring for 155 gold pieces
  2249 | D        | Bought a scroll labelled FOETUN OSAINWUA for 31 gold pieces
  2249 | D        | Bought a phantom mirror for 1240 gold pieces
  2249 | D        | Bought a faintly glowing tin ring for 155 gold pieces
  2249 | D        | Identified the ring "Toreuz" {Ice rPois rCorr Int+3} (You
                  | bought it in a shop in the Dungeon)
  2483 | D        | Noticed a boulder beetle
  2492 | D        | Noticed a boulder beetle
  2493 | D        | Killed a boulder beetle
  2498 | D        | Noticed a seven-headed hydra
  2505 | D        | Noticed a stone giant
  2512 | D        | Killed a five-headed hydra
  2513 | D        | Noticed a frost giant
  2515 | D        | Killed a stone giant
  2516 | D        | Reached skill level 26 in Polearms
  2517 | D        | Noticed an ettin
  2519 | D        | Noticed a stone giant
  2528 | D        | Killed a frost giant
  2531 | D        | Mangled by a stone giant

Illustrated notes

Levels and vault maps discovered:
D:        linesprint [early_d, line_temple, items_1, d_10, items_2, lair_1,
          lair_end, items_3, orc_1, orc_end, items_4, d_15, swamp_1, shoals_1,
          snake_1, spider_1, d_20, vaults_1, items_5, swamp_end, shoals_end,
          snake_end, spider_end, vaults_end, d_27, items_6, zot_1, zot_end,
          crypt_end, forest_end, elf_end, slime_end, tomb_end, abyss_end,
          pan_hell_end]

Skill      XL: |  1  2  3  4  5  6  7  8  9 10 11 12 |
---------------+-------------------------------------+-----
Polearms       | 5 7 9 12 13 15 17 19 21 24 26 | 26.2
Fighting       | 5 6 7 9 10 11 13 14 16 18 19 | 19.6
Armour         | 5 6 7 9 10 11 13 14 16 18 19 | 19.6
Shields        | |  3.6

Action                     |  1- 3 |  4- 6 |  7- 9 | 10-12 || total
---------------------------+-------+-------+-------+-------++-------
  Melee: Trident           |    23 |     6 |       |       ||    29
         Headbutt          |     5 |     3 |    16 |    36 ||    60
         Halberd           |       |    27 |    86 |   146 ||   259
         Glaive            |       |       |       |    92 ||    92
         Bardiche          |       |       |       |    30 ||    30
 Invoke: Call Merchant     |       |       |       |     4 ||     4
    Use: Potion            |     2 |     5 |     3 |     4 ||    14
         Scroll            |       |       |       |     4 ||     4
   Stab: Distracted        |       |       |     1 |       ||     1
 Armour: Scale mail        |    10 |       |       |       ||    10
         Chain mail        |       |    17 |     1 |       ||    18
         Plate armour      |       |       |    71 |    80 ||   151
         Fire dragon scale |       |       |       |    11 ||    11
  Dodge: Dodged            |    11 |    15 |    26 |    43 ||    95
  Block: Buckler           |     1 |     1 |       |       ||     2
